 Dungeon Crawl Stone Soup version 0.28-a0-1594-ga885d4b3d6 (webtiles) character file.

Game seed: 11016918828556727493

78 gruber the Chiller (level 4, -4/30 HPs)
             Began as a Demonspawn Ice Elementalist on Jan 20, 2022.
             Slain by a gnoll (13 damage)
             ... on level 2 of the Dungeon.
             The game lasted 00:02:04 (1926 turns).

gruber the Chiller (Demonspawn Ice Elementalist)    Turns: 1926, Time: 00:02:05

Health: -4/30      AC:  2    Str:  9    XL:     4   Next: 15%
Magic:  2/8        EV: 12    Int: 18    God:
Gold:   37         SH:  0    Dex: 13    Spells: 4/8 levels left

rFire   . . .      SeeInvis .   h - +0 hand axe (elec)
rCold   . . .      Faith    .   (no shield)
rNeg    . . .      Spirit   .   a - +0 robe
rPois   .          Reflect  .   (helmet restricted)
rElec   .          Harm     .   (no cloak)
rCorr   .          Rampage  .   (no gloves)
Will    .....                   (no boots)
Stlth   ++........              (no amulet)
HPRegen 0.10/turn               (no ring)
MPRegen 0.22/turn               (no ring)

@: freezing walls
A: antennae 1, magic regeneration
a: no special abilities


You were on level 2 of the Dungeon.
You visited 1 branch of the dungeon, and saw 2 of its levels.

You collected 37 gold pieces.

Inventory:

Hand Weapons
 c - a +0 dagger
 h - a +0 hand axe of electrocution (weapon)
Armour
 a - a +0 robe (worn)
Scrolls
 b - a scroll of fear {unknown}
 g - a scroll of enchant armour {unknown}
Potions
 d - a potion of resistance {unknown}
 e - a potion of haste {unknown}
 f - a potion of might {unknown}


   Skills:
 - Level 1.7 Dodging
 - Level 1.7 Stealth
 + Level 2.7 Spellcasting
 + Level 4.8 Ice Magic


You had 4 spell levels left.
You knew the following spells:

 Your Spells              Type           Power      Damage    Failure   Level
a - Freeze                Ice            76%        1d9       2%          1
b - Frozen Ramparts       Ice            38%        1d5       7%          3

Your spell library contained the following spells:

 Spells                   Type           Power      Damage    Failure   Level
 Ozocubu's Armour         Ice            19%        N/A       7%          3
 Slow                     Hex            8%         N/A       17%         1
 Confusing Touch          Hex            2%         N/A       45%         3
 Vampiric Draining        Necr           2%         2d6       45%         3
 Hailstorm                Conj/Ice       11%        3d5       52%         4


Dungeon Overview and Level Annotations

Branches:
Dungeon (2/15)

Altars:

Shops:
D:1 :


Innate Abilities, Weirdness & Mutations

You have a pair of small antennae on your head.
You regenerate magic rapidly.


Message History

Unknown command.
The wall freezes the gnoll.
The gnoll barely misses you.
Unknown command.
Unknown command.
The wall freezes the gnoll. x2; The gnoll misses you.
Unknown command.
Unknown command.
The wall freezes the gnoll.
You kill the gnoll!
The wall freezes the gnoll.
You have reached level 4!
You feel stronger.
Unknown command.
The wall freezes the gnoll.
The gnoll closely misses you.
The wall freezes the gnoll.
Unknown command.
Unknown command.
The frozen ramparts melt away.
The gnoll closely misses you.
Unknown command.
Unknown command.
Casting: Freeze (safe; 2% risk of failure)
Confirm with . or Enter, or press ? or * to list all spells.
The spell is quite dangerous to miscast (7% risk of failure)!
Continue anyway?
Casting: Frozen Ramparts (quite dangerous; 7% risk of failure)
Press: ? - help, Dir - look around, f - activate The walls around you are covered in ice.
The wall freezes the gnoll.
The gnoll hits you from afar with a +0 halberd!
Ouch! That really hurt!
* * * LOW HITPOINT WARNING * * *
Unknown command.
Unknown command.
The wall freezes the gnoll. x2
You kill the gnoll!
Unknown command.
Unknown command.
The wall freezes the gnoll.
The wall freezes the gnoll.
The gnoll hits you from afar with a +0 halberd!
You die...

#.## #.## ##.#
#..##
#.##########...####
.................<+
.###########...####
.# ####.#### .#
#.......# .#
#.##.##.# .# #
#.##@# .# #.##.# .#
..##g# .# #.#####.#
.# #.......#####...
## #.#####.........
#.#####...
#...g)).# #########


You could see a gnoll.

Vanquished Creatures
  Robin (D:2)
  An adder (D:2)
  3 gnolls (D:2)
  A dart slug (D:2)
  2 ball pythons
  A giant cockroach (D:1)
  11 goblins
  3 hobgoblins
  2 kobolds (D:1)
  A quokka (D:1)
26 creatures vanquished.

Notes
Turn   | Place    | Note
-------+----------+-------------------------------------------
     0 | D:1      | gruber the Demonspawn Ice Elementalist began the quest for
                  | the Orb.
     0 | D:1      | Reached XP level 1. HP: 13/13 MP: 3/3
   304 | D:1      | Found Jaycuit's Book Shop.
   431 | D:1      | Reached skill level 4 in Ice Magic
   431 | D:1      | Gained mutation: You have a pair of small antennae on your
                  | head. [demonic ancestry]
   431 | D:1      | Reached XP level 2. HP: 19/19 MP: 3/5
   488 | D:1      | You fall into a shaft and drop 1 floor!
   878 | D:2      | Noticed Robin
  1334 | D:2      | Gained mutation: You regenerate magic rapidly. [demonic
                  | ancestry]
  1334 | D:2      | Reached XP level 3. HP: 14/24 MP: 6/6
  1341 | D:1      | Learned a level 3 spell: Frozen Ramparts
  1454 | D:2      | Killed Robin
  1915 | D:2      | Reached XP level 4. HP: 24/30 MP: 3/7
  1926 | D:2      | Slain by a gnoll

Illustrated notes

Levels and vault maps discovered:
D:1:      dpeg_arrival_chambers_temple_mockup, layout_basic, serial_shops, shop,
          serial_glass, glass_columns_b, glass_columns_a, st_stairs_7
D:2:      layout_loops_corners, basic_altar, uniq_robin

Skill      XL: |  1 |
---------------+----+-----
Ice Magic      | 4 |  4.8
Dodging        | |  1.7
Stealth        | |  1.7
Spellcasting   | |  2.7

Action                   |  1- 3 |  4- 6 || total
-------------------------+-------+-------++-------
Melee: Dagger            |     8 |       ||     8
       Unarmed           |     2 |       ||     2
       Hand axe          |    30 |       ||    30
       Punch             |     1 |       ||     1
 Cast: Freeze            |    17 |       ||    17
       Frozen Ramparts   |     3 |     1 ||     4
Armor: Robe              |     9 |       ||     9
Dodge: Dodged            |    32 |     2 ||    34

Table legend: (Time is in decaauts)
 A = Elapsed time spent in this place.
 B = Non-inter-level travel time spent in this place.
 C = Inter-level travel time spent in this place.
 D = Time resting spent in this place.
 E = Time spent auto-exploring this place.
 F = Levels seen in this place.
 G = Mean time per level.
                   A        B        C        D        E       F      G
               +--------+--------+--------+--------+--------+-----+--------+
         Total |   1936 |   1873 |     63 |      0 |   1690 |   2 |  968.0 |
       Dungeon |   1936 |   1873 |     63 |      0 |   1690 |   2 |  968.0 |
               +--------+--------+--------+--------+--------+-----+--------+

Top non-repeatable levels by time:
     D:1: 1077 daAuts
     D:2: 859 daAuts
